 Dungeon Crawl Stone Soup version 0.16-a0-4005-g3d13fd6 (webtiles) character file.

41262 achirane the Jinx (level 14, -1/99 HPs)
             Began as an Octopode Enchanter on Feb 15, 2015.
             Was the Champion of Dithmenos.
             Slain by a frost giant
             ... wielding a +0 battleaxe of freezing
              (33 damage)
             ... in an ice cave on Feb 16, 2015.
             The game lasted 04:59:46 (23451 turns).

achirane the Jinx (Octopode Enchanter)             Turns: 23451, Time: 04:59:47

Health: -1/99      AC:  1    Str:  8    XL:     14   Next: 14%
Magic:  18/42      EV: 21    Int: 18    God:    Dithmenos [******]
Gold:   1202       SH:  5    Dex: 20    Spells: 4 memorised, 22 levels left

rFire  x . .     SeeInvis .     v - +3 dagger (holy)
rCold  + . .     Clarity  .     H - +0 buckler
rNeg   + + .     SustAb   +     Y - +0 hat
rPois  .         Gourm    .     L - amulet of warding
rElec  .         Spirit   .     e - ring of protection from magic
rCorr  .         Warding  +     n - ring of wizardry
rMut   .         Stasis   .     s - +4 ring of dexterity (curse)
MR     ++...                    u - ring of magical power (curse)
Stlth  +++++++++.               o - ring of sustain abilities
                                W - ring of invisibility
                                Q - ring of positive energy
                                B - ring of ice

@: very slightly contaminated, wreathed by umbra, very resistant to hostile
enchantments, incredibly stealthy
A: almost no armour, amphibious, 8 rings, constrict 8, camouflage 1, gelatinous
body 1
a: Shadow Step, Shadow Form, Renounce Religion, Evoke Invisibility


You were in an ice cave.
You worshipped Dithmenos.
Dithmenos was exalted by your worship.
You were hungry.

You visited 3 branches of the dungeon, and saw 20 of its levels.
You also visited: Ossuary and Ice Cave.

You collected 1202 gold pieces.

Inventory:

Hand weapons
 v - a +3 dagger of holy wrath (weapon)
 G - a +0 blowgun
 Z - a +3 long sword of freezing
Missiles
 i - 102 stones
 p - 70 poisoned needles
 y - 4 tomahawks (quivered)
 C - 26 bolts
 E - 4 curare-tipped needles
 N - a throwing net
Armour
 H - a +0 buckler (worn)
 Y - a +0 hat (worn)
Jewellery
 e - a ring of protection from magic (left tentacle)
 n - a ring of wizardry (right tentacle)
 o - a ring of sustain abilities (on tentacle)
 s - a cursed +4 ring of dexterity (on tentacle)
 u - a cursed ring of magical power (on tentacle)
 B - a ring of ice (on tentacle)
 L - an amulet of warding (around mantle)
 P - an uncursed amulet of regeneration
 Q - a ring of positive energy (on tentacle)
 W - a ring of invisibility (on tentacle)
Magical devices
 g - a wand of lightning (2)
 t - a wand of polymorph (6)
 M - a wand of digging (13)
 R - a wand of teleportation (9)
Scrolls
 f - 14 scrolls of remove curse
 q - 2 scrolls of fog {unknown}
 r - 4 scrolls of blinking
 w - 5 scrolls of teleportation
 x - a scroll of silence {unknown}
 z - 3 scrolls of magic mapping
 J - a scroll of vulnerability {unknown}
Potions
 c - a potion of agility
 h - 10 potions of curing
 j - 3 potions of lignification {unknown}
 k - 3 potions of might
 l - a potion of brilliance
 A - a potion of resistance
 F - 5 potions of heal wounds
 I - a potion of cancellation {unknown}
 K - 3 potions of haste
 T - 2 potions of ambrosia
 U - a potion of cure mutation {unknown}
Comestibles
 a - 32 fruits
 d - 6 bread rations
 m - 5 meat rations


   Skills:
 - Level 10.6 Fighting
 - Level 7.0 Short Blades
 + Level 10.2 Dodging
 - Level 7.4 Stealth
 - Level 2.8 Shields
 + Level 11.8 Spellcasting
 - Level 12.1 Hexes


You had 22 spell levels left.
You knew the following spells:

 Your Spells              Type           Power        Failure   Level  Hunger
a - Invisibility          Hex            ######..     4%          6    ######.
c - Confuse               Hex            ######..     1%          3    None
d - Blink                 Tloc           N/A          6%          2    None
e - Dazzling Spray        Conj/Hex       ####....     1%          3    None


Dungeon Overview and Level Annotations

Branches:
Dungeon (11/15)            Temple (1/1) D:4            Lair (8/8) D:9
  Swamp (0/5) Lair:5        Snake (0/5) Lair:5
  Slime: Lair:6-8       Orc: D:9-12

Altars:
Ashenzari
Cheibriados
Dithmenos
Elyvilon
Fedhas
Gozag
Kikubaaqudgha
Makhleb
Nemelex Xobeh
Okawaru
Qazlal
Ru
Sif Muna
Trog
Vehumet
Xom
Yredelemnul
Zin
The Shining One

Shops:
D:7 }

Annotations:
D:6 Sigmund IceCv exclusion: ice statue


Innate Abilities, Weirdness & Mutations

You cannot wear most types of armour.
You are amphibious.
You can wear up to eight rings at the same time.
You can use your tentacles to constrict many enemies at once.
Your skin changes colour to match your surroundings (Stealth).
Your rubbery body absorbs attacks (AC +1).


Message History

The frost giant is no longer blind.
Casting: Dazzling Spray
Confirm with . or Enter, or press ? or * to list all spells.
Aiming: Dazzling Spray
Press: ? - help, Shift-Dir - straight line, f - frost giant
Aim: a frost giant, wielding a battleaxe of freezing (black smoke, severely wounded, umbra)
The spray of energy hits the frost giant.
The frost giant is severely wounded.
The frost giant casts a spell at you. The bolt of cold hits you! You resist.
You hear a bellow!
You flicker back into view.
Casting: Dazzling Spray
Confirm with . or Enter, or press ? or * to list all spells.
You blink.
The frost giant closely misses you.
Casting: Blink
Confirm with . or Enter, or press ? or * to list all spells.
You blink.
The frost giant hits you with a battleaxe of freezing!!
You die...

#≈≈≈≈≈≈≈≈≈≈###≈≈≈###≈##
#≈≈≈#≈≈≈≈≈≈##≈≈≈≈≈#≈≈#
#≈≈##≈≈≈≈≈≈≈≈≈≈≈≈≈≈≈##
#≈####≈≈≈≈≈≈≈≈≈≈≈≈≈≈##
### #≈≈≈≈#≈≈≈≈≈≈≈≈#.#
########≈≈≈≈≈##÷##
###≈≈≈≈≈≈##.#
##.##≈≈#≈≈##.#
##§C@##≈##≈#÷.# $
##§§#...≈.###.÷#
#$...##§§###.#.#(#...#
#$h.h.§§§# #.##..#...#
#...hY§§## ##..###..##
##..... #.###..##
#.h..# ##.##.## #....
#.##..# ##..# ##.##.##


You could see a frost giant.

Vanquished Creatures
  Fannar (Lair:1)
  4 hydras
  Erica (Lair:1)
  A tengu warrior (D:9)
  A hill giant (D:10)
  3 griffons
  7 elephants
  15 spiny frogs
  2 fire drakes
  4 black mambas
  6 komodo dragons
  14 polar bears
  4 blink frogs (Lair:8)
  A giant leech (Lair:5)
  3 deep elf magi (D:9)
  5 basilisks
  A human (D:9)
  A wyvern (D:8)
  A mottled dragon (D:10)
  43 yaks
  7 hippogriffs
  11 wolves (IceCv)
  A naga (Lair:5)
  2 hungry ghosts
  A steam dragon (D:10)
  2 swamp worms (Lair:5)
  Menkaure (D:6)
  11 porcupines
  15 water moccasins
  The ghost of trelanon the Ruffian, an average VSTm (Ossuary)
  2 black bears
  5 sky beasts
  12 ice beasts
  2 phantoms
  5 necrophages (Lair:3)
  A wasp (Lair:4)
  4 centaurs
  16 giant frogs
  3 ogres
  13 crocodiles
  2 big kobolds
  A water moccasin zombie (Ossuary)
  6 wights
  An electric eel (Lair:4)
  A scorpion (D:5)
  3 crimson imps
  2 goliath beetles
  A gnoll shaman (D:5)
  14 hounds
  A quasit (D:7)
  3 orc priests
  A giant frog zombie (D:6)
  7 worker ants
  4 iguanas
  3 orc wizards
  11 sheep (D:9)
  Ijyb (D:2)
  A big kobold zombie (Ossuary)
  3 mummies
  16 gnolls
  26 adders
  A giant mite (D:7)
  53 river rats
  2 shadow imps
  2 worms
  4 adder zombies (Ossuary)
  An ooze (D:4)
  20 orcs
  5 giant cockroaches
  5 gnoll zombies (Ossuary)
  15 goblins
  14 hobgoblins
  14 jackals
  9 quokkas
  2 ball pythons (D:2)
  10 bats
  A giant gecko (D:2)
  A giant gecko zombie (D:9)
  4 giant newts
  A giant spore (D:7)
  2 hobgoblin zombies (Ossuary)
  36 kobolds
  9 kobold zombies (Ossuary)
  3 orc zombies (Ossuary)
  A quokka zombie (D:7)
  16 rats
  9 ballistomycetes
  2 fungi
583 creatures vanquished.

Vanquished Creatures (others)
  3 yaks (IceCv)
  3 wolves (IceCv)
  A river rat (Lair:8)
  2 giant spores
  2 fungi
  7 plants (D:9)
18 creatures vanquished.

Grand Total: 601 creatures vanquished

Notes
Turn   | Place    | Note
--------------------------------------------------------------
     0 | D:1      | achirane, the Octopode Enchanter, began the quest for the Orb.
     0 | D:1      | Reached XP level 1. HP: 11/11 MP: 3/3
   419 | D:1      | Reached XP level 2. HP: 17/17 MP: 4/4
   704 | D:1      | Learned a level 2 spell: Ensorcelled Hibernation
   897 | D:2      | Noticed Ijyb
   970 | D:2      | Found a basalt altar of Yredelemnul.
  1342 | D:2      | Reached XP level 3. HP: 21/21 MP: 6/6
  1753 | D:2      | Learned a level 3 spell: Confuse
  1980 | D:2      | Killed Ijyb
  1980 | D:2      | Reached XP level 4. HP: 25/27 MP: 2/7
  2332 | D:3      | Reached skill level 5 in Hexes
  2563 | D:3      | Noticed Sigmund
  2622 | D:3      | Reached XP level 5. HP: 32/32 MP: 1/9
  2625 | D:3      | Reached skill level 5 in Stealth
  2704 | D:3      | Reached skill level 1 in Fighting
  2816 | D:3      | Reached skill level 6 in Stealth
  3240 | D:4      | Learned a level 2 spell: Blink
  3300 | D:4      | Noticed a phantom
  3751 | D:4      | Reached XP level 6. HP: 37/39 MP: 10/10
  4105 | D:4      | Found a sparkling altar of Nemelex Xobeh.
  4302 | D:4      | Found a staircase to the Ecumenical Temple.
  4761 | Temple   | Entered the Ecumenical Temple
  4802 | Temple   | Became a worshipper of Dithmenos the Shadowed
  4924 | D:5      | Entered Level 5 of the Dungeon
  4928 | D:5      | Reached XP level 7. HP: 45/45 MP: 12/12
  5028 | D:5      | Reached skill level 7 in Stealth
  6048 | D:5      | Reached XP level 8. HP: 48/54 MP: 13/13
  6125 | D:5      | Found an iron altar of Okawaru.
  6645 | D:6      | Found a deep blue altar of Sif Muna.
  6897 | D:7      | Reached skill level 5 in Fighting
  6937 | D:7      | Found Phanept's Gadget Boutique.
  7055 | D:7      | Acquired Dithmenos' first power
  7288 | D:7      | Reached skill level 5 in Short Blades
  7981 | D:7      | Reached XP level 9. HP: 60/62 MP: 14/14
  8271 | D:6      | Noticed Menkaure
  8300 | D:6      | Killed Menkaure
  8671 | D:7      | Found an opulent altar of Gozag.
  8672 | D:7      | Found a glowing silver altar of Zin.
  9126 | D:8      | Found a sand-covered staircase.
  9142 | Ossuary  | Entered an ossuary
  9294 | Ossuary  | Acquired Dithmenos' second power
  9311 | Ossuary  | Noticed trelanon's ghost (average VSTm)
  9331 | Ossuary  | Killed trelanon's ghost
 10037 | D:8      | Reached skill level 8 in Fighting
 10264 | D:8      | Reached XP level 10. HP: 72/72 MP: 16/16
 10395 | D:8      | Found a radiant altar of Vehumet.
 11141 | D:9      | Found a staircase to the Lair.
 11158 | D:9      | Reached skill level 9 in Fighting
 11219 | D:9      | Acquired Dithmenos' third power
 11470 | D:9      | Found a glowing golden altar of the Shining One.
 11576 | D:9      | Found a blossoming altar of Fedhas.
 11576 | D:9      | Noticed a four-headed hydra
 11613 | D:9      | Found a basalt altar of Yredelemnul.
 11616 | D:9      | Noticed a tengu warrior
 11674 | D:9      | Killed a tengu warrior
 12083 | D:9      | Reached skill level 10 in Hexes
 12166 | D:9      | Found a blossoming altar of Fedhas.
 12296 | D:10     | Entered Level 10 of the Dungeon
 12309 | D:10     | Learned a level 3 spell: Dazzling Spray
 12648 | D:10     | Reached XP level 11. HP: 80/80 MP: 17/17
 12769 | D:10     | Noticed a hill giant
 12788 | D:10     | Killed a hill giant
 12856 | D:10     | Reached skill level 11 in Hexes
 13200 | D:11     | Noticed an eight-headed hydra
 13409 | Lair:1   | Entered Level 1 of the Lair of Beasts
 13745 | Lair:1   | Noticed Fannar
 13854 | Lair:1   | Noticed Erica
 13902 | Lair:1   | Killed Erica
 14047 | Lair:1   | Reached skill level 10 in Fighting
 14405 | Lair:1   | Killed Fannar
 14605 | Lair:1   | Learned a level 6 spell: Invisibility
 14921 | Lair:2   | Reached skill level 12 in Hexes
 15362 | Lair:3   | Acquired Dithmenos' fourth power
 15451 | Lair:3   | Noticed a death yak
 15451 | Lair:3   | Noticed a death yak
 15503 | Lair:3   | Noticed a death yak
 15505 | Lair:3   | Noticed a death yak
 15507 | Lair:3   | Noticed a death yak
 15623 | Lair:2   | Reached XP level 12. HP: 70/89 MP: 16/21
 16616 | Lair:4   | Reached skill level 5 in Dodging
 16767 | Lair:4   | Reached skill level 5 in Spellcasting
 17622 | Lair:5   | Found a staircase to the Snake Pit.
 18147 | Lair:5   | Found a staircase to the Swamp.
 19420 | Lair:6   | Reached XP level 13. HP: 93/93 MP: 29/29
 19671 | Lair:6   | Found an opulent altar of Gozag.
 20749 | Lair:7   | Reached skill level 10 in Spellcasting
 21343 | Lair:8   | Entered Level 8 of the Lair of Beasts
 21940 | Lair:8   | Found a frozen archway.
 21995 | IceCv    | Entered an ice cave
 22616 | IceCv    | Reached XP level 14. HP: 99/99 MP: 32/33
 22654 | IceCv    | Reached skill level 10 in Dodging
 23425 | IceCv    | Noticed a frost giant
 23451 | IceCv    | Slain by a frost giant

Action                   |  1- 3 |  4- 6 |  7- 9 | 10-12 | 13-15 || total
-------------------------+-------+-------+-------+-------+-------++-------
Melee: Dagger            |    59 |   139 |   403 |   614 |   337 ||  1552
 Fire: Hand crossbow     |       |     9 |       |       |       ||     9
       Blowgun           |       |       |       |   106 |    15 ||   121
Throw: Stone             |     7 |    21 |    32 |       |       ||    60
       Tomahawk          |       |    13 |    37 |     8 |    14 ||    72
       Throwing net      |       |       |     2 |     1 |       ||     3
 Cast: Confuse           |     3 |    35 |    63 |    80 |    28 ||   209
       Blink             |       |     1 |     1 |    13 |     2 ||    17
       Corona            |       |     1 |     3 |     1 |       ||     5
       Dazzling Spray    |       |       |       |    44 |   103 ||   147
       Invisibility      |       |       |       |     5 |     5 ||    10
 Abil: Evoke Invisibilit |       |       |       |     2 |       ||     2
Evoke: Wand              |       |       |       |     4 |     1 ||     5
  Use: Potion            |       |     1 |       |     4 |       ||     5
       Scroll            |       |     1 |     9 |    12 |       ||    22
 Stab: Sleeping          |     8 |     9 |    42 |    59 |    38 ||   156
       Confused          |     1 |    11 |    14 |    45 |    17 ||    88
       Distracted        |       |     1 |     1 |     5 |     1 ||     8
       Invisible         |       |       |       |    28 |    31 ||    59
  Eat: Chunk             |     3 |    13 |    21 |    34 |    14 ||    85
       Beef jerky        |       |     1 |     1 |     5 |       ||     7
       Royal jelly       |       |       |     1 |     1 |       ||     2
       Pizza             |       |       |       |     1 |       ||     1
